 Dungeon Crawl Stone Soup version 0.20-a0-268-gb6bde61 (webtiles) character file.

42 tboon the Chopper (level 3, -8/33 HPs)
             Began as a Minotaur Fighter on Dec 6, 2016.
             Mangled by Sigmund
             ... wielding a +2 scythe of protection
              (12 damage)
             ... on level 2 of the Dungeon.
             The game lasted 00:02:32 (866 turns).

tboon the Chopper (Minotaur Fighter)                 Turns: 866, Time: 00:02:33

Health: -8/33      AC:  6    Str: 20    XL:     3   Next: 35%
Magic:  2/2        EV:  9    Int:  6    God:
Gold:   70         SH:  0    Dex:  9    Spells: 2/2 levels left

rFire  . . .     SeeInvis .     a - +0 war axe
rCold  . . .     Gourm    .     b - +0 scale mail
rNeg   . . .     Faith    .     (no shield)
rPois  .         Spirit   .     (helmet restricted)
rElec  .         Reflect  .     (no cloak)
rCorr  .         Harm     .     (no gloves)
MR     .....                    (no boots)
Stlth  ..........               (no amulet)
                                (no ring)
                                (no ring)

@: no status effects
A: retaliatory headbutt, horns 2
a: no special abilities


You were on level 2 of the Dungeon.
You were not hungry.

You visited 1 branch of the dungeon, and saw 2 of its levels.

You collected 70 gold pieces.

Inventory:

Hand Weapons
 a - a +0 war axe (weapon)
Armour
 b - a +0 scale mail (worn)
Scrolls
 c - a scroll of fog {unknown}
 e - 2 scrolls of identify {unknown}
 g - 2 scrolls of enchant armour {unknown}
 h - a scroll of recharging {unknown}
 l - a scroll of enchant weapon {unknown}
 m - a scroll of random uselessness {unknown}
 n - a scroll of blinking {unknown}
Potions
 d - 2 potions of might
 i - a potion of magic {unknown}
 j - a potion of curing {unknown}
 k - 2 potions of cure mutation {unknown}
 o - a potion of mutation {unknown}
Comestibles
 f - a bread ration


   Skills:
 + Level 3.9 Fighting
 * Level 4.3 Axes
 - Level 3.6 Armour
   Level 3.6 Shields


You had 2 spell levels left.
You didn't know any spells.

Dungeon Overview and Level Annotations

Branches:
Dungeon (2/15)

Altars:

Annotations:
D:2 Sigmund


Innate Abilities, Weirdness & Mutations

You reflexively headbutt those who attack you in melee.
You have a pair of horns on your head.


Message History

You climb downwards.
There is a stone staircase leading up here.
An adder comes into view.
The adder hisses angrily.
You slash the adder!
You kill the adder!
You have reached level 3!
Your experience leads to an increase in your attributes!
Increase (S)trength, (I)ntelligence, or (D)exterity?
You feel clever.
A giant cockroach comes into view.
You slash the giant cockroach!
You kill the giant cockroach!
No target in view!
No target in view!
Found a stone staircase leading down.
You now have 70 gold pieces (gained 10).
A leopard gecko comes into view.
The leopard gecko hisses angrily.
The leopard gecko bites you.
You barely miss the leopard gecko.
The leopard gecko bites you but does no damage. x2
You closely miss the leopard gecko. The leopard gecko bites you.
The leopard gecko closely misses you. You furiously retaliate!
You headbutt the leopard gecko!
You kill the leopard gecko!
No target in view!
You open the door.
A giant cockroach comes into view.
There is an open door here.
The giant cockroach closely misses you. You furiously retaliate!
You headbutt the giant cockroach!
You kill the giant cockroach!
You enter the shallow water.
Moving in this stuff is going to be slow.
Marking area around Sigmund as unsafe for travelling.
A frilled lizard and Sigmund come into view.
Sigmund is wielding a scythe of protection.
Sigmund shouts!
You see here a giant cockroach corpse.
Sigmund points at you and mumbles some strange words.
You are confused.
You bump into the stone wall. 2 kobolds come into view.
You enter the shallow water.
Moving in this stuff is going to be slow.
The kobold shouts!
A hobgoblin comes into view. It is wielding a club.
You see here a giant cockroach corpse.
The hobgoblin shouts!
The frilled lizard bites you.
Sigmund hits you from afar with a scythe of protection.
The frilled lizard bites you but does no damage.
Sigmund hits you but does no damage. The kobold hits you with a short sword.
You're too confused to move!
The frilled lizard bites you but does no damage.
The kobold hits you but does no damage.
You barely miss the frilled lizard.
Your headbutt misses the frilled lizard.
You barely miss the kobold. You closely miss Sigmund.
You feel less confused. The frilled lizard closely misses you.
Sigmund hits you with a scythe of protection.
The kobold hits you but does no damage. x2
The frilled lizard bites you but does no damage.
You closely miss Sigmund. You closely miss the kobold. x2
You closely miss the frilled lizard. Sigmund closely misses you.
The kobold hits you with a short sword. The kobold completely misses you.
You furiously retaliate!
You headbutt the kobold.
The frilled lizard bites you but does no damage.
The hobgoblin barely misses you.
You closely miss Sigmund. Your headbutt misses Sigmund. You hit the kobold.
You kill the kobold!
You closely miss the kobold. You miss the frilled lizard.
You barely miss the hobgoblin.
The kobold splashes around in the water.
The frilled lizard bites you but does no damage.
Sigmund hits you with a scythe of protection!
* * * LOW HITPOINT WARNING * * *
The hobgoblin hits you but does no damage.
You hit Sigmund but do no damage. You barely miss the kobold.
You barely miss the frilled lizard. You hit the hobgoblin but do no damage.
The kobold closely misses you.
The frilled lizard bites you but does no damage.
The hobgoblin closely misses you.
Sigmund gestures wildly while chanting.
Sigmund flickers and vanishes!
Deactivating autopickup; reactivate with Ctrl-A.
The kobold barely misses you.
You miss something. You headbutt something. You closely miss the hobgoblin.
You hit the frilled lizard. You closely miss the kobold.
The frilled lizard bites you but does no damage.
Something hits you but does no damage. The hobgoblin completely misses you.
The kobold barely misses you. You furiously retaliate!
You headbutt the kobold.
The frilled lizard bites you but does no damage.
The hobgoblin hits you with a club.
* * * LOW HITPOINT WARNING * * *
The frilled lizard bites you but does no damage.
Something hits you!
You die...

##...#######.# ##.#.#####
#≈..... .≈# (........#
#≈.≈... .≈# ##.#.###.#
#.#≈.... ..≈# ##.#.###.#
#.#≈.$.# ...≈# #........#
#.#≈...##.$.≈# #.†#.##..#
#.#≈........≈#
#..#.##..###.#≈.≈g{..≈.≈#
#.......>.##.#≈.@K)....≈#
#.##.##...##†#.†≈l≈≈≈≈≈≈#
.. #.##...##.'###########
#..............#
####.###..##.#.# ..
#..##.#.# . ....##.#.#
####.##.#.# #.##...#


You could see a hobgoblin, a kobold and a frilled lizard.

Vanquished Creatures
  An adder (D:2)
  A dart slug (D:1)
  A leopard gecko (D:2)
  2 giant cockroaches (D:2)
  5 goblins (D:1)
  2 hobgoblins (D:1)
  2 jackals (D:1)
  5 kobolds
  6 bats (D:1)
  2 rats (D:1)
27 creatures vanquished.

Notes
Turn   | Place    | Note
-------+----------+-------------------------------------------
     0 | D:1      | tboon the Minotaur Fighter began the quest for the Orb.
     0 | D:1      | Reached XP level 1. HP: 19/19 MP: 0/0
    88 | D:1      | Reached skill level 3 in Axes
   161 | D:1      | Reached XP level 2. HP: 27/27 MP: 1/1
   704 | D:1      | Reached skill level 4 in Axes
   827 | D:2      | Reached XP level 3. HP: 33/33 MP: 2/2
   854 | D:2      | Noticed Sigmund
   866 | D:2      | HP: 4/33 [hobgoblin/club (5)]
   866 | D:2      | Mangled by Sigmund

Vault maps used:
D:1:      sevenhm_arrival_forest_fort_large_1, serial_bayou,
          serial_bayou_lagoon_a, serial_bayou_pond_c, serial_bayou_pond_c,
          serial_bayou_pond_a, hangedman_decor_growths
D:2:      old_standard_altar, lemuel_crystal_altar, kennysheep_pointless_box,
          uniq_terence, uniq_sigmund

Skill      XL: |  1  2 |
---------------+-------+-----
Axes           | 3 4 |  4.3
Fighting       | |  3.9
Armour         | |  3.6
Shields        | |  3.6

Action                   || total
-------------------------++-------
Melee: War axe           ||    44
       Headbutt          ||     9
Armor: Scale mail        ||    26
Dodge: Dodged            ||    33

Vault maps used:
D:1:      sevenhm_arrival_forest_fort_large_1, serial_bayou,
          serial_bayou_lagoon_a, serial_bayou_pond_c, serial_bayou_pond_c,
          serial_bayou_pond_a, hangedman_decor_growths
D:2:      old_standard_altar, lemuel_crystal_altar, kennysheep_pointless_box,
          uniq_terence, uniq_sigmund

Table legend:
 A = Turns spent in this place as a percentage of turns spent in the entire game.
 B = Non-inter-level travel turns spent in this place as a percentage of non-inter-level travel turns spent in the entire game.
 C = Inter-level travel turns spent in this place as a percentage of turns spent in this place.
 D = Turns resting spent in this place as a percentage of non-inter-level travel turns spent in this place.
 E = Turns spent auto-exploring this place as a percentage of non-inter-level travel turns spent in this place.
 F = Non-inter-level travel turns spent in this place divided by the number of levels of this place that you've seen.
                   A       B       C       D       E      F
               +-------+-------+-------+-------+-------+----------------------
         Total | 100.0 | 100.0 |   0.6 |   0.0 |  23.5 |  89.5
       Dungeon | 100.0 | 100.0 |   0.6 |   0.0 |  23.5 |  89.5
               +-------+-------+-------+-------+-------+----------------------

Table legend:
 A = Kills in this place as a percentage of kills in entire the game.
 B = Kills by you in this place as a percentage of kills by you in the entire game.
 C = Kills by friends in this place as a percentage of kills by friends in the entire game.
 D = Other kills in this place as a percentage of other kills in the entire game.
 E = Experience gained in this place as a percentage of experience gained in the entire game.
 F = Experience gained in this place divided by the number of levels of this place that you have seen.
                   A       B       C       D       E      F
               +-------+-------+-------+-------+-------+----------------------
         Total | 100.0 | 100.0 |  -nan |  -nan | 100.0 |  30.5
       Dungeon | 100.0 | 100.0 |  -nan |  -nan | 100.0 |  30.5
               +-------+-------+-------+-------+-------+----------------------
